 Dungeon Crawl Stone Soup version 0.17.3 (console) character file.

41808 Kagalorn the Executioner (level 13, -8/172 HPs)
             Began as a Minotaur Berserker on Apr 20, 2020.
             Was an Elder of Trog.
             Mangled by a large abomination (27 damage)
             ... on level 1 of the Abyss.
             The game lasted 00:53:03 (16184 turns).

Kagalorn the Executioner (Minotaur Berserker)      Turns: 16184, Time: 00:53:03

Health: -8/172     AC: 26    Str: 23    XL:     13   Next: 82%
Magic:  12/12      EV:  4    Int:  4    God:    Trog [****..]
Gold:   681        SH:  0    Dex: 15    Spells: 0 memorised, 12 levels left

rFire  + . .     SeeInvis .     a - +4 demon trident (elec)
rCold  . . .     Clarity  .     (armour currently unavailable)
rNeg   + + +     SustAt   .     (no shield)
rPois  +         Gourm    .     (helmet currently unavailable)
rElec  .         Spirit   .     (cloak currently unavailable)
rCorr  .         Warding  .     (gloves currently unavailable)
rMut   .         NoTele   +     (boots currently unavailable)
MR     ++...                    (no amulet)
Stlth  +.........               s - ring of protection from magic
                                G - ring of protection from fire

@: exhausted, tree-form (expiring), slowed, very slow, very resistant to hostile
enchantments, very unstealthy
A: (retaliatory headbutt), (horns 0), repulsion field 1, rough black scales 1,
agile 2, (deformed body), magic resistance 1, (poison resistance), (electricity
resistance), spit poison 2, weak 1
a: Spit Poison, Berserk, Trog's Hand, Brothers in Arms, Burn Spellbooks,
Renounce Religion


You were on level 1 of the Abyss.
You worshipped Trog.
Trog was greatly pleased with you.
You were hungry.
You were a tree.
You visited 1 branch of the dungeon, and saw 14 of its levels.
You visited the Abyss 1 time.

You collected 827 gold pieces.
You spent 146 gold pieces at shops.

Inventory:

Hand Weapons
 a - a +4 demon trident of electrocution (weapon)
 b - the +11 flail of Causality {freeze, rPois Str+4 Stlth-}
   (You found it on level 9 of the Dungeon)

   It has been specially enchanted to freeze those struck by it, causing extra
   injury to most foes and up to half again as much damage against particularly
   susceptible opponents.
   It can also slow down cold-blooded creatures.
   It affects your strength (+4).
   It protects you from poison.
   It makes you less stealthy.
 F - a +1 battleaxe
Missiles
 J - a throwing net (quivered)
Armour
 E - a +1 chain mail of poison resistance
 M - a +1 cloak (melded)
 W - a +1 chain mail of cold resistance (melded)
 Z - a +0 pair of gloves (melded)
Jewellery
 f - an uncursed ring of teleportation
 h - an uncursed ring of flight
 s - a ring of protection from magic (right branch)
 C - the ring "Myeliaf" {-Tele rF+ Str+5 Int+2}
   (You found it on level 5 of the Dungeon)

   [ring of protection from fire]

   It affects your strength (+5).
   It affects your intelligence (+2).
   It protects you from fire.
   It prevents most forms of teleportation.
 G - a ring of protection from fire (left branch)
Wands
 u - a wand of cold (9)
 w - a wand of fire (5)
 y - a wand of lightning (8)
 D - a wand of polymorph (9)
 H - a wand of fire (12)
 P - a wand of frost (19)
 Q - a wand of heal wounds (6)
 S - a wand of cold (4)
 Y - a wand of digging (12)
Scrolls
 d - 5 scrolls of remove curse
 e - a scroll of fear
 g - 4 scrolls of teleportation
 j - 2 scrolls of enchant armour
 l - a scroll of noise {unknown}
 m - 5 scrolls of enchant weapon
 x - 5 scrolls of fog
 A - 3 scrolls of magic mapping
 N - a scroll of holy word
 X - a scroll of summoning {unknown}
Potions
 k - 3 potions of might
 n - a potion of brilliance {unknown}
 o - a potion of cancellation {unknown}
 p - a potion of flight
 t - a potion of agility
 v - 5 potions of curing
 z - 4 potions of ambrosia
 B - a potion of resistance
 I - a potion of lignification
 T - 2 potions of cure mutation
 V - 2 potions of haste
Books
 q - a book of Necromancy

   Spells                             Type                      Level
   a - Pain                           Necromancy                   1
   b - Animate Skeleton               Necromancy                   1
   c - Vampiric Draining              Necromancy                   3
   d - Regeneration                   Charms/Necromancy            3
   e - Animate Dead                   Necromancy                   4
   f - Control Undead                 Necromancy                   4
   Trog disapproves of the use of such an item.
 r - a book of the Earth

   Spells                             Type                      Level
   a - Leda's Liquefaction            Hexes/Earth                  4
   b - Bolt of Magma                  Conjuration/Fire/Earth       5
   c - Statue Form                    Transmutation/Earth          6
   d - Iron Shot                      Conjuration/Earth            6
   e - Shatter                        Earth                        9
   Trog disapproves of the use of such an item.
 K - a book of Maledictions

   Spells                             Type                      Level
   a - Corona                         Hexes                        1
   b - Ensorcelled Hibernation        Hexes/Ice                    2
   c - Confuse                        Hexes                        3
   d - Tukima's Dance                 Hexes                        3
   e - Dazzling Spray                 Conjuration/Hexes            3
   Trog disapproves of the use of such an item.
 R - Ukhedinu's Grimoire of Ashen Ignition
   (You found it on level 13 of the Dungeon)

   Spells                             Type                      Level
   a - Flame Tongue                   Conjuration/Fire             1
   b - Stoneskin                      Transmutation/Earth          2
   c - Ignite Poison                  Fire/Transmutation/Poison    3
   d - Inner Flame                    Hexes/Fire                   3
   e - Passwall                       Transmutation/Earth          3
   f - Sticky Flame                   Conjuration/Fire             4
   g - Lee's Rapid Deconstruction     Earth                        5
   h - Shatter                        Earth                        9
   Trog disapproves of the use of such an item.
Comestibles
 c - 11 bread rations
 i - 5 meat rations
 L - 6 royal jellies


   Skills:
 + Level 10.8 Fighting
 - Level 21.0 Axes
 + Level 10.3 Armour
 + Level 9.6 Dodging


You had 12 spell levels left.
You didn't know any spells.

Dungeon Overview and Level Annotations

Branches:
Dungeon (14/15)            Temple (0/1) D:5            Lair (0/8) D:9
    Orc (0/4) D:9
 Vaults: D:13-14

Altars:
Ashenzari
Cheibriados
Gozag
Kikubaaqudgha
Makhleb
Nemelex Xobeh
Okawaru
Qazlal
Ru
Sif Muna
Trog
Vehumet
Xom
The Shining One

Shops:
D:4 *[[[   D:11 *

Annotations:
D:6 exclusion: statue


Innate Abilities, Weirdness & Mutations

((You reflexively headbutt those who attack you in melee.))
((You have a pair of horns on your head.))
You are surrounded by a mild repulsion field (EV +2).
(You are partially covered in rough black scales (AC +4, Dex -1).)
You are very agile. (Dex +4)
((Armour fits poorly on your strangely shaped body.))
You are resistant to hostile enchantments.
((Your system is resistant to poisons.))
((You are resistant to electric shocks.))
You can spit poison.
You are weak. (Str -2)


Message History

You puncture the sky beast!
You kill the sky beast!
Trog accepts your kill.
You fail to use your ability.
Your two-headed ogre goes berserk!
You are feeling hungry.
Your transformation is almost over.
The large abomination hits you but does no damage.
You hit the large abomination.
There is a sudden explosion of sparks!
The large abomination is moderately damaged.
The large abomination hits you.
* * * LOW HITPOINT WARNING * * *
Your two-headed ogre rages.
You puncture the large abomination!
The large abomination is heavily damaged.
The large abomination hits you but does no damage.
You puncture the large abomination!
The large abomination is severely damaged.
The large abomination hits you!!
You die...

.. .... . ...
.. ######
#.#.#. # #
.##[......#.
.
...........#.
..
#.###.#...#.#
. ........[.#
# #.....#.# #
. .
.#.XO##..#..
..# #.#
#♣......# # #
#.#......# .
#. ..##... #.
##.. .. .#
#.# . .# .. #
##


You could see a large abomination and a friendly two-headed ogre (berserk).

Vanquished Creatures
  A draconian monk (Abyss:1)
  Maud (D:14)
  A vault guard (D:14)
  3 hydras
  4 centaur warriors
  A tengu warrior (D:14)
  The ghost of peterlawrence the Basher, a novice MiFi of Okawaru (D:7)
  6 skeletal warriors (D:13)
  3 unseen horrors
  3 wizards
  4 hill giants
  An orc sorcerer (D:14)
  11 ugly things
  A manticore (D:14)
  2 cyclopes (D:13)
  5 yaktaurs (D:14)
  A fire drake (D:9)
  3 gargoyles
  A tengu conjurer (D:14)
  A kobold demonologist (D:14)
  3 trolls
  3 two-headed ogres
  Grinder (D:3)
  5 slime creatures (D:13)
  A hornet zombie (D:14)
  2 wyverns
  A wyvern (shapeshifter) (D:13)
  A trapdoor spider (D:12)
  6 deep elf magi
  19 yaks
  Eustachio (D:5)
  11 vampire mosquitoes
  2 hippogriffs
  A hungry ghost (D:12)
  A fire elemental (D:13)
  Duvessa (D:4)
  5 sky beasts
  A water moccasin (D:7)
  3 ice beasts
  A wasp (D:12)
  4 phantoms
  7 orc warriors
  A black bear (D:8)
  8 centaurs
  6 ogres
  2 eyes of draining
  2 crocodiles
  2 big kobolds (D:9)
  A big kobold (shapeshifter) (D:14)
  A brain worm (D:14)
  6 giant frogs
  2 gnoll sergeants (D:9)
  A water moccasin zombie (D:10)
  A scorpion (D:4)
  A wyvern skeleton (D:10)
  Dowan (D:4)
  5 wights (D:5)
  A small abomination (Abyss:1)
  3 killer bees (D:13)
  An electric eel (D:10)
  4 spriggan skeletons (D:12)
  2 centaur zombies
  4 crimson imps
  A vampire bat (D:4)
  A quasit (D:13)
  4 iguanas
  2 centaur skeletons
  3 giant frog skeletons
  4 hounds
  14 orc wizards
  Ijyb (D:2)
  A jelly (D:11)
  6 orc priests
  7 worker ants
  A killer bee zombie (D:7)
  Robin (D:3)
  5 gnolls
  12 adders
  2 shadow imps
  2 oozes
  4 adder skeletons
  2 adder zombies (D:5)
  A worm (D:3)
  2 giant geckos
  63 orcs
  7 bats
  3 bat skeletons (D:4)
  A bat zombie (D:4)
  3 giant cockroaches
  12 goblins
  12 hobgoblins
  2 jackals (D:5)
  7 kobolds
  5 quokkas
  A ball python (D:1)
  A giant gecko skeleton (D:5)
  A giant gecko zombie (D:6)
  7 giant newts
  A quokka skeleton (D:6)
  2 quokka zombies (D:7)
  9 rats
402 creatures vanquished.

Vanquished Creatures (collateral kills)
  A skeletal warrior (D:13)
  A two-headed ogre (D:10)
  A yak (D:9)
  An ogre (D:9)
  3 gnoll sergeants (D:9)
  A giant gecko (D:7)
8 creatures vanquished.

Vanquished Creatures (others)
  A human (D:6)
  A quasit (D:13)
2 creatures vanquished.

Grand Total: 412 creatures vanquished

Notes
Turn   | Place    | Note
--------------------------------------------------------------
     0 | D:1      | Kagalorn the Minotaur Berserker began the quest for the Orb.
     0 | D:1      | Reached XP level 1. HP: 19/19 MP: 0/0
    53 | D:1      | Reached skill level 4 in Axes
   212 | D:1      | Reached XP level 2. HP: 26/26 MP: 1/1
   680 | D:2      | Noticed Ijyb
   694 | D:2      | Killed Ijyb
   694 | D:2      | Reached skill level 5 in Axes
   694 | D:2      | Reached XP level 3. HP: 15/31 MP: 2/2
  1300 | D:2      | Reached ** piety under Trog
  1504 | D:2      | Reached skill level 6 in Axes
  1504 | D:2      | Reached XP level 4. HP: 36/39 MP: 3/3
  1539 | D:2      | Found an iron altar of Okawaru.
  2036 | D:3      | Found a bloodstained altar of Trog.
  2098 | D:3      | Noticed Robin
  2109 | D:3      | Killed Robin
  2109 | D:3      | Reached XP level 5. HP: 33/45 MP: 4/4
  2116 | D:3      | Reached skill level 7 in Axes
  2187 | D:3      | Noticed Grinder
  2220 | D:3      | Killed Grinder
  2220 | D:3      | Reached skill level 8 in Axes
  2220 | D:3      | Reached XP level 6. HP: 36/51 MP: 5/5
  2293 | D:3      | Reached *** piety under Trog
  2559 | D:4      | Found Astremnuv's Antique Armour Shop.
  2561 | D:4      | Found a sparkling altar of Nemelex Xobeh.
  2565 | D:4      | Found a burning altar of Makhleb.
  2571 | D:4      | Found a deep blue altar of Sif Muna.
  2571 | D:4      | Found an opulent altar of Gozag.
  2572 | D:4      | Found a stormy altar of Qazlal.
  2573 | D:4      | Found a glowing golden altar of the Shining One.
  2586 | D:4      | Reached skill level 9 in Axes
  2651 | D:4      | Found Ahook's Antique Armour Shop.
  2710 | D:4      | Found Vuuleg's Antique Armour Emporium.
  2809 | D:4      | Found an ancient bone altar of Kikubaaqudgha.
  2891 | D:4      | Noticed Dowan
  2913 | D:4      | Killed Dowan
  3080 | D:4      | Reached XP level 7. HP: 57/57 MP: 6/6
  3337 | D:4      | Found Kuelonen's General Store.
  3346 | D:4      | Bought 2 scrolls of teleportation for 72 gold pieces
  3346 | D:4      | Bought a scroll of magic mapping for 42 gold pieces
  3547 | D:5      | Entered Level 5 of the Dungeon
  3547 | D:5      | Found a shimmering altar of Xom.
  3582 | D:4      | Reached skill level 10 in Axes
  3731 | D:4      | Noticed Duvessa
  4030 | D:4      | Found Ahook's Antique Armour Shop.
  4051 | D:4      | Found Kuelonen's General Store.
  4131 | D:4      | Found an opulent altar of Gozag.
  4132 | D:4      | Found a deep blue altar of Sif Muna.
  4132 | D:4      | Found a burning altar of Makhleb.
  4134 | D:4      | Found a stormy altar of Qazlal.
  4134 | D:4      | Found a glowing golden altar of the Shining One.
  4135 | D:4      | Found a sparkling altar of Nemelex Xobeh.
  4230 | D:4      | Killed Duvessa
  4360 | D:5      | Got a clouded lapis lazuli ring
  4362 | D:5      | Identified the ring "Myeliaf" {-Tele rF+ Str+5 Int+2} (You found it on level 5 of the Dungeon)
  4368 | D:5      | Noticed Eustachio
  4382 | D:5      | Killed Eustachio
  4382 | D:5      | Reached skill level 11 in Axes
  4493 | D:5      | Found a staircase to the Ecumenical Temple.
  4510 | D:5      | Reached XP level 8. HP: 47/64 MP: 7/7
  4726 | D:5      | Reached skill level 12 in Axes
  4742 | D:5      | Reached **** piety under Trog
  4908 | D:5      | Received a gift from Trog
  5543 | D:5      | Reached skill level 13 in Axes
  5626 | D:6      | Found an ancient bone altar of Kikubaaqudgha.
  6092 | D:6      | Found a radiant altar of Vehumet.
  6373 | D:7      | Noticed peterlawrence's ghost (novice MiFi)
  6386 | D:7      | Reached XP level 9. HP: 70/70 MP: 8/8
  6388 | D:7      | Killed peterlawrence's ghost
  6388 | D:7      | Reached skill level 14 in Axes
  6923 | D:8      | Reached skill level 15 in Axes
  7051 | D:8      | Received a gift from Trog
  7531 | D:8      | Found a sacrificial altar of Ru.
  7534 | D:8      | Found a snail-covered altar of Cheibriados.
  7568 | D:8      | Reached skill level 16 in Axes
  7951 | D:9      | Got a slimy flail
  7963 | D:9      | Got a slimy scale mail
  7974 | D:9      | Identified the +0 scale mail of Isale {+Inv Str+2 Int+4} (You found it on level 9 of the Dungeon)
  7985 | D:9      | Identified the +11 flail of Causality {freeze, rPois Str+4 Stlth-} (You found it on level 9 of the Dungeon)
  8028 | D:9      | Found a staircase to the Orcish Mines.
  8042 | D:9      | Reached XP level 10. HP: 58/77 MP: 9/9
  8373 | D:9      | Found a staircase to the Lair.
  8373 | D:9      | Noticed a fire drake
  8384 | D:9      | Killed a fire drake
  8565 | D:9      | Reached skill level 17 in Axes
  9062 | D:10     | Entered Level 10 of the Dungeon
  9622 | D:10     | Reached skill level 18 in Axes
 10224 | D:11     | Noticed a seven-headed hydra
 10233 | D:11     | Killed a seven-headed hydra
 10233 | D:11     | Reached XP level 11. HP: 75/82 MP: 10/10
 10247 | D:11     | Gained mutation: You are partially covered in rough black scales (AC +4, Dex -1). [mutagenic meat]
 10248 | D:11     | Gained mutation: Armour fits poorly on your strangely shaped body. [mutagenic meat]
 10249 | D:11     | Gained mutation: You are frail (-10% HP). [mutagenic meat]
 10250 | D:11     | Gained mutation: Your flesh is heat resistant. [mutagenic meat]
 10251 | D:11     | Gained mutation: You can spit weak poison. [mutagenic meat]
 10252 | D:11     | Lost mutation: Your flesh is heat resistant. [potion of mutation]
 10252 | D:11     | Gained mutation: You are surrounded by a mild repulsion field (EV +2). [potion of mutation]
 10527 | D:11     | Noticed an eight-headed hydra
 10533 | D:11     | Killed an eight-headed hydra
 10533 | D:11     | Reached skill level 19 in Axes
 10558 | D:11     | Found Qawy Von's Assorted Antiques.
 10568 | D:11     | Bought a fizzy purple potion for 32 gold pieces
 10975 | D:12     | Killed an unseen horror
 11164 | D:12     | Noticed a hill giant
 11183 | D:12     | Killed a hill giant
 11722 | D:12     | Reached skill level 5 in Fighting
 11973 | D:13     | Noticed a skeletal warrior
 11997 | D:13     | Killed a skeletal warrior
 11997 | D:13     | Reached skill level 5 in Armour
 12157 | D:13     | Noticed a skeletal warrior
 12171 | D:13     | Killed a skeletal warrior
 12177 | D:13     | Noticed a skeletal warrior
 12253 | D:13     | Noticed a centaur warrior
 12271 | D:13     | Killed a centaur warrior
 12276 | D:13     | Reached skill level 5 in Dodging
 12283 | D:13     | Reached XP level 12. HP: 58/86 MP: 11/11
 12411 | D:13     | Noticed a wizard
 12438 | D:13     | Killed a wizard
 12449 | D:13     | Identified Ukhedinu's Grimoire of Ashen Ignition
 12473 | D:13     | Noticed a skeletal warrior
 12481 | D:13     | Noticed a centaur warrior
 12482 | D:13     | Noticed a hill giant
 12502 | D:13     | Killed a skeletal warrior
 12508 | D:13     | HP: 4/87 [two-headed ogre/giant club (14)]
 12650 | D:13     | Reached skill level 20 in Axes
 12665 | D:13     | Noticed a centaur warrior
 12673 | D:13     | Killed a centaur warrior
 12711 | D:13     | Lost mutation: You are frail (-10% HP). [mutagenic meat]
 12712 | D:13     | Gained mutation: You are weak. (Str -2) [mutagenic meat]
 12713 | D:13     | Gained mutation: Your system is resistant to poisons. [mutagenic meat]
 12869 | D:13     | Killed a skeletal warrior
 13037 | D:13     | Noticed a hill giant
 13043 | D:13     | Killed a hill giant
 13102 | D:13     | Gained mutation: You are resistant to hostile enchantments. [mutagenic meat]
 13193 | D:13     | Killed a centaur warrior
 13360 | D:13     | Noticed a skeletal warrior
 13363 | D:13     | Noticed a skeletal warrior
 13365 | D:13     | Noticed a skeletal warrior
 13379 | D:13     | Killed a skeletal warrior
 13386 | D:13     | Killed a skeletal warrior
 13389 | D:13     | Killed a skeletal warrior
 13605 | D:13     | Killed a hill giant
 13646 | D:14     | Reached XP level 13. HP: 104/111 MP: 12/12
 13790 | D:13     | Killed an unseen horror
 13922 | D:14     | Noticed Maud
 13945 | D:14     | Killed Maud
 14363 | D:13     | Gained mutation: You are agile. (Dex +2) [mutagenic meat]
 14364 | D:13     | Gained mutation: You are very agile. (Dex +4) [mutagenic meat]
 14589 | D:13     | Gained mutation: You are resistant to electric shocks. [mutagenic meat]
 14742 | D:13     | Gained mutation: Your magical capacity is low (-10% MP). [mutagenic meat]
 14792 | D:13     | Lost mutation: Your magical capacity is low (-10% MP). [mutagenic meat]
 14952 | D:14     | Gained mutation: You can spit poison. [mutagenic meat]
 15134 | D:14     | Reached skill level 10 in Fighting
 15299 | D:14     | Noticed a four-headed hydra
 15304 | D:14     | Killed a four-headed hydra
 15442 | D:14     | Noticed a vault guard
 15475 | D:14     | Found a shattered altar of Ashenzari.
 15515 | D:14     | Noticed a centaur warrior
 15527 | D:14     | Killed a centaur warrior
 15857 | D:14     | Reached skill level 10 in Armour
 16040 | D:14     | Noticed a vault guard
 16053 | D:14     | Killed a vault guard
 16078 | D:14     | Cast into the Abyss (orc knight)
 16092 | Abyss:1  | Noticed a tentacled starspawn
 16096 | Abyss:1  | Found a corrupted altar of Lugonu.
 16143 | Abyss:1  | Noticed a purple draconian monk
 16158 | Abyss:1  | Killed a purple draconian monk
 16158 | Abyss:1  | Reached skill level 21 in Axes
 16184 | Abyss:1  | Mangled by a large abomination

Action                   |  1- 3 |  4- 6 |  7- 9 | 10-12 | 13-15 || total
-------------------------+-------+-------+-------+-------+-------++-------
Melee: Hand axe          |    87 |   155 |   103 |       |       ||   345
       War axe           |       |       |    37 |       |       ||    37
       Battleaxe         |       |       |   131 |       |       ||   131
       Morningstar       |       |       |     4 |       |       ||     4
       Flail             |       |       |    13 |   425 |    24 ||   462
       Demon trident     |       |       |       |       |   218 ||   218
Invok: Berserk           |       |     2 |     3 |    11 |     5 ||    21
       Trog's Hand       |       |     1 |       |     3 |     1 ||     5
       Burn Spellbooks   |       |       |     2 |       |     1 ||     3
       Brothers in Arms  |       |       |     1 |     6 |     2 ||     9
 Abil: Evoke Flight      |       |       |       |     1 |       ||     1
  Use: Scroll            |       |       |     9 |    16 |     2 ||    27
       Potion            |       |       |     1 |     2 |     1 ||     4
 Stab: Sleeping          |       |     1 |       |       |       ||     1
       Confused          |       |       |     1 |       |       ||     1
  Eat: Chunk             |     2 |     6 |    13 |    34 |    20 ||    75
       Meat ration       |       |       |     1 |       |     1 ||     2
       Fruit             |       |       |     1 |     3 |     4 ||     8
       Beef jerky        |       |       |     1 |     1 |     1 ||     3
       Pizza             |       |       |       |     2 |       ||     2
       Royal jelly       |       |       |       |       |     1 ||     1
